 Dungeon Sprint DCSS version 0.28-a0-845-gfc338a8e3c (webtiles) character file.

Game seed: 17420944994052662647

1322 xpp the Cruncher (level 8, -3/64 HPs)
             Began as a Demonspawn Gladiator on Nov 13, 2021.
             Was an Elder of Makhleb.
             Slain by a fire elemental (5 damage)
             ... in the Dungeon (Sprint V: "Ziggurat Sprint").
             The game lasted 00:13:57 (461 turns).

xpp the Cruncher (Demonspawn Gladiator)              Turns: 461, Time: 00:13:58

Health: -3/64      AC:  4    Str: 14    XL:     8   Next: 33%
Magic:  17/17      EV: 16    Int: 22    God:    Makhleb [****..]
Gold:   0          SH:  0    Dex: 18    Spells: 11/11 levels left

rFire   + . .      SeeInvis .   D - +6 Majin-Bo {vamp, MP+6 Int+6}
rCold   + . .      Faith    .   (shield currently unavailable)
rNeg    . . .      Spirit   .   b - +0 leather armour
rPois   +          Reflect  .   c - +0 helmet
rElec   +          Harm     .   (no cloak)
rCorr   +          Rampage  .   (no gloves)
Will    .....      NoTele   +   (no boots)
Stlth   +.........              (no amulet)
HPRegen 0.20/turn               n - ring "Koffaof" {+Blink rElec rPois rCorr Dex-3}
MPRegen 0.15/turn               u - +6 ring of dexterity

@: mighty, resistant
A: hooves 2, powered by pain 1, big brain 2
a: Renounce Religion, Evoke Blink, Minor Destruction, Lesser Servant of Makhleb,
Major Destruction


You were in the Dungeon.
You worshipped Makhleb.
Makhleb was greatly pleased with you.
You visited 1 branch

Inventory:

Hand Weapons
 D - the +6 Majin-Bo (weapon) {vamp, MP+6 Int+6}
   (You found it in the Dungeon)

   It occasionally heals its wielder for a portion of the damage dealt when they
   wound a living foe with it or with a spell.
   Its wielder's spells cost health as well as magical power.
   Int:       It affects your intelligence (+6).
   MP:        It affects your magic capacity (+6).
 F - a +5 fustibalus
Missiles
 d - 3 throwing nets (quivered)
 G - 1000 sling bullets
Armour
 b - a +0 leather armour (worn)
 c - a +0 helmet (worn)
Jewellery
 n - the ring "Koffaof" (left hand) {+Blink rElec rPois rCorr Dex-3}
   (You found it in the Dungeon)

   [ring of resist corrosion]

   Dex:       It affects your dexterity (-3).
   rElec:     It insulates you from electricity.
   rPois:     It protects you from poison.
   +Blink:    It lets you blink.
   rCorr:     It protects you from acid and corrosion.
 u - a +6 ring of dexterity (right hand)
 w - the ring of the Prince of Darkness {rCorr MP+9}
   (You found it in the Dungeon)

   [ring of magical power]

   MP:        It affects your magic capacity (+9).
   rCorr:     It protects you from acid and corrosion.
Wands
 A - a wand of mindburst (7)
 C - a wand of acid (4)
Scrolls
 j - 3 scrolls of blinking
 p - 4 scrolls of amnesia
 q - 7 scrolls of fog
 r - 5 scrolls of identify
 s - 2 scrolls of fear
 v - a scroll of brand weapon
Potions
 e - 10 potions of curing
 f - 5 potions of heal wounds
 g - 6 potions of haste
 h - 7 potions of magic
 i - 3 potions of berserk rage
 k - 2 potions of brilliance
 l - 2 potions of invisibility
 m - 3 potions of resistance
 o - 4 potions of might
Miscellaneous
 E - a lightning rod (4/4)


   Skills:
 + Level 5.7 Fighting
 * Level 13.0 Staves
 - Level 1.7 Throwing
 + Level 4.7 Armour
 + Level 8.5 Dodging
 + Level 2.2 Spellcasting
 * Level 3.3 Invocations
 - Level 2.0 Evocations


You had 11 spell levels left.
You didn't know any spells.
Your spell library contained the following spells:

 Spells                   Type           Power      Damage    Failure   Level
 Alistair's Intoxication  Tmut/Pois      1%         N/A       99%         5
 Blade Hands              Tmut           1%         N/A       99%         5
 Borgnjor's Vile Clutch   Necr/Erth      1%         N/A       99%         5
 Irradiate                Conj/Tmut      1%         3d13      99%         5
 Eringya's Noxious Bog    Tmut/Pois      1%         N/A       100%        6
 Dragon Form              Tmut           1%         N/A       100%        7


Dungeon Overview and Level Annotations

Branches:
Dungeon (1/1)

Altars:
Ashenzari
Cheibriados
Dithmenos
Elyvilon
Fedhas
Gozag
Hepliaklqana
Kikubaaqudgha
Makhleb
Nemelex Xobeh
Okawaru
Qazlal
Ru
Sif Muna
Trog
Uskayaw
Vehumet
Wu Jian
Xom
Yredelemnul
Zin
The Shining One
Beogh
Jiyva
Lugonu

Annotations:
D 1 transporter


Innate Abilities, Weirdness & Mutations

You have hoof-like feet.
You sometimes gain a little power by taking damage.
You have an extremely huge brain. (Int +4)


Message History

You feel better.
The now-empty wand crumbles to dust.
The +0 war axe of freezing hits you! The +0 war axe of freezing freezes you.
Your Staves skill increases to level 13!
Your Invocations skill gained 3 levels and is now at level 3!
You have reached level 8!
You feel agile.
Your demonic ancestry asserts itself...
Your feet thicken and deform.
Annotate which branch? (. - D, ? - help, ! - show branch list)
Okay, then.
Your movement speed is average.
Your attack delay is about 0.6.
Your base attributes are Str 14, Int 16, Dex 15.
Char dumped successfully.
You have 0 gold pieces.
You feel protected. The +0 war axe of freezing hits you!
You feel very mighty all of a sudden. The +0 war axe of freezing hits you!
* * * LOW HITPOINT WARNING * * *
The +0 war axe of freezing freezes you.
* * * LOW HITPOINT WARNING * * *
The fire elemental hits you. The fire elemental burns you! You resist.
* * * LOW HITPOINT WARNING * * *
The +0 war axe of freezing hits you.
* * * LOW HITPOINT WARNING * * *
You feel much better. The fire elemental closely misses you.
The +0 war axe of freezing hits you!
* * * LOW HITPOINT WARNING * * *
The +0 war axe of freezing freezes you.
* * * LOW HITPOINT WARNING * * *
You feel much better. The fire elemental closely misses you.
The +0 war axe of freezing hits you! The +0 war axe of freezing freezes you.
The deep elf zephyrmancer hits you with a +0 rapier!
* * * LOW HITPOINT WARNING * * *
The deep elf zephyrmancer points at you and mumbles some strange words.
The bolt of lightning hits you! You resist.
* * * LOW HITPOINT WARNING * * *
You focus on the pain.
You feel mightier all of a sudden. The fire elemental hits you.
The fire elemental burns you! You resist.
You die...

▓..©..▓..©..▓▓▓▓▓▓▓
▓▓▓▓▓▓▓▓▓▓▓▓▓▓▓▓▓▓▓
▓..8©8...▓..8©8...▓
▓..=)....▓..=}=...▓
▓........▓..:.[...▓
▓........▓........▓
▓........▓....)...▓
▓.▓....▓.▓..E(e...▓
▓...©....▓..e@....▓
▓▓▓▓▓▓▓▓▓▓▓▓▓▓▓▓▓▓▓


You could see 2 deep elf zephyrmancers, a fire elemental and a +0 war axe of
freezing.

Vanquished Creatures
  A deep elf pyromancer (D)
  3 slime creatures (D)
  A hell hound (D)
  4 scorpions (D)
  A crimson imp (D)
  A jelly (D)
  A shadow imp (D)
  2 endoplasms (D)
14 creatures vanquished.

Notes
Turn   | Place    | Note
-------+----------+-------------------------------------------
     0 | D        | xpp the Demonspawn Gladiator began the quest for the Orb.
     0 | D        | Reached XP level 1. HP: 16/16 MP: 1/1
     0 | D        | Found a shimmering blue altar of Sif Muna.
     0 | D        | Found a sacrificial altar of Ru.
     0 | D        | Found a bloodstained altar of Trog.
     0 | D        | Found a stormy altar of Qazlal.
     0 | D        | Found an iron altar of Okawaru.
     0 | D        | Found a sparkling altar of Nemelex Xobeh.
     0 | D        | Found a blossoming altar of Fedhas.
     0 | D        | Found the +6 Majin-Bo {vamp, MP+6 Int+6}
     0 | D        | Found the +9 heavy crossbow "Sniper" {vorpal, Acc+∞ SInv}
     0 | D        | Found the +10 dark maul {vorpal}
     0 | D        | Found the +15 Maxwell's patent armour {-Cast -Tele rElec
                  | Will+ rCorr}
     0 | D        | Found the +18 shield of the Gong {rElec rN+ Will+ EV-5}
     0 | D        | Found the +14 obsidian axe {vorpal, Mesm Drain Fly SInv}
     0 | D        | Found the +7 great mace "Firestarter" {inner flame, rF++}
     0 | D        | Found the +6 shillelagh "Devastator" {shatter}
     0 | D        | Found the +11 plutonium sword {Contam Stlth-}
     0 | D        | Found the +8 lance "Wyrmbane" {slay drac, rPois rF+ rC+
                  | AC+3}
     0 | D        | Found the +9 sword of Zonguldrok {reap}
     0 | D        | Found the +13 scythe of Curses {drain, Drain}
     0 | D        | Found the +5 sword of Power {vorpal}
     0 | D        | Found the +7 mace of Variability {chain chaos}
     0 | D        | Found the +7 Singing Sword {vorpal, sonic wave}
     0 | D        | Found the +8 storm bow {elec, penet}
     2 | D        | Found a transporter.
     2 | D        | Found an ancient bone altar of Kikubaaqudgha.
     2 | D        | Found a viscous altar of Jiyva.
     2 | D        | Found a corrupted altar of Lugonu.
     2 | D        | Found a hazy altar of Hepliaklqana.
     2 | D        | Found a burning altar of Makhleb.
     2 | D        | Found an opulent altar of Gozag.
    87 | D        | Became a worshipper of Makhleb the Destroyer
    93 | D        | Reached skill level 6 in Staves
    93 | D        | Gained mutation: You sometimes gain a little power by
                  | taking damage. [demonic ancestry]
    93 | D        | Reached XP level 2. HP: 22/22 MP: 2/2
    95 | D        | Entered arena 2.
    95 | D        | Noticed a slime creature
    95 | D        | Found a transporter.
   104 | D        | Killed a slime creature
   105 | D        | Reached skill level 9 in Staves
   105 | D        | Reached skill level 1 in Armour
   105 | D        | Gained mutation: You have an unusually large brain. (Int
                  | +2) [demonic ancestry]
   105 | D        | Reached XP level 3. HP: 17/29 MP: 3/3
   105 | D        | Gained mutation: You have large cloven feet. [demonic
                  | ancestry]
   105 | D        | Reached XP level 4. HP: 21/35 MP: 4/4
   105 | D        | Reached XP level 5. HP: 25/41 MP: 5/5
   225 | D        | Entered arena 3.
   225 | D        | Noticed a hell hound
   225 | D        | Found a transporter.
   226 | D        | Reached * piety under Makhleb
   227 | D        | Reached skill level 1 in Evocations
   231 | D        | Killed a hell hound
   232 | D        | Reached skill level 10 in Staves
   232 | D        | Gained mutation: You have an extremely huge brain. (Int +4)
                  | [demonic ancestry]
   232 | D        | Reached XP level 6. HP: 41/48 MP: 6/6
   237 | D        | Got the ring "Koffaof" {+Blink rElec rPois rCorr Dex-3}
   275 | D        | Entered arena 4.
   275 | D        | Found a transporter.
   284 | D        | Reached ** piety under Makhleb
   285 | D        | Reached skill level 1 in Spellcasting
   286 | D        | Reached skill level 11 in Staves
   286 | D        | Reached XP level 7. HP: 20/55 MP: 7/9
   406 | D        | Entered arena 5.
   406 | D        | Noticed a slime creature
   406 | D        | Noticed a slime creature
   406 | D        | Found a transporter.
   407 | D        | Reached *** piety under Makhleb
   415 | D        | Killed a slime creature
   416 | D        | Reached skill level 5 in Fighting
   421 | D        | Killed a slime creature
   422 | D        | Reached skill level 12 in Staves
   429 | D        | Got the ring of the Prince of Darkness {rCorr MP+9}
   455 | D        | Entered arena 6.
   455 | D        | Noticed a fire elemental
   455 | D        | Noticed a deep elf zephyrmancer
   455 | D        | Noticed a +0 war axe of freezing
   455 | D        | Noticed a deep elf zephyrmancer
   455 | D        | Noticed a deep elf pyromancer
   455 | D        | Found a transporter.
   457 | D        | Killed a deep elf pyromancer
   457 | D        | Reached **** piety under Makhleb
   458 | D        | Reached skill level 13 in Staves
   458 | D        | Gained mutation: You have hoof-like feet. [demonic
                  | ancestry]
   458 | D        | Reached XP level 8. HP: 35/64 MP: 11/11
   459 | D        | HP: 2/64 [+0 war axe of freezing (3)]
   461 | D        | Slain by a fire elemental

Illustrated notes

Levels and vault maps discovered:
D:        sprint_v [room_start, room_1, room_2, room_3, room_4, room_5, room_6,
          room_7, room_8, room_9, room_10, room_11, room_12, room_13, room_14,
          room_15, room_16, room_17, room_18, room_19, room_20, room_21,
          room_22, room_23, room_24, room_25, room_26, room_27]

Skill      XL: |  1  2  3  4  5  6  7 |
---------------+----------------------+-----
Staves         | 6 9 10 11 13 | 13.0
Dodging        | 4 6 7 8 |  8.5
Fighting       | 3 4 5 |  5.7
Armour         | 1 2 3 4 |  4.7
Evocations     | 1 2 |  2.0
Spellcasting   | 1 2 |  2.2
Invocations    | 3 |  3.3
Throwing       | |  1.7

Action                   |  1- 3 |  4- 6 |  7- 9 || total
-------------------------+-------+-------+-------++-------
Melee: Quarterstaff      |     5 |     9 |    19 ||    33
       Kick              |       |     4 |     8 ||    12
Evoke: Wand              |     2 |     4 |     4 ||    10
  Use: Potion            |     3 |       |     5 ||     8
       Scroll            |       |     1 |       ||     1
Armor: Leather armour    |       |     3 |     3 ||     6
Dodge: Dodged            |     1 |     6 |    10 ||    17

Table legend: (Time is in decaauts)
 A = Elapsed time spent in this place.
 B = Non-inter-level travel time spent in this place.
 C = Inter-level travel time spent in this place.
 D = Time resting spent in this place.
 E = Time spent auto-exploring this place.
 F = Levels seen in this place.
 G = Mean time per level.
                   A        B        C        D        E       F      G
               +--------+--------+--------+--------+--------+-----+--------+
         Total |    451 |    451 |      0 |    262 |      5 |   1 |  451.0 |
       Dungeon |    451 |    451 |      0 |    262 |      5 |   1 |  451.0 |
               +--------+--------+--------+--------+--------+-----+--------+

Top non-repeatable levels by time:
       D: 451 daAuts
